 Dungeon Crawl Stone Soup version 0.32-a0-473-gd044c6f0f0 (webtiles) character file.

Game seed: 14778249900014049684

16410 ezpacito the Trooper (level 12, -9/106 HPs)
             Began as a Demonspawn Chaos Knight on Feb 25, 2024.
             Was a Plaything of Xom.
             Shot with a bolt by a yaktaur (19 damage)
             ... on level 14 of the Dungeon.
             The game lasted 00:18:08 (9742 turns).

ezpacito the Trooper (Demonspawn Chaos Knight)      Turns: 9742, Time: 00:18:08

Health: -9/106     AC: 18    Str: 17    XL:     12   Next: 9%
Magic:  0/20       EV: 12    Int: 15    God:    Xom [.....*]
Gold:   663        SH:  0    Dex: 15    Spells: 6/21 levels left

rFire   + . .        a - +2 hand axe (chaos)
rCold   . . .        (no shield)
rNeg    . . .        T - +3 scale mail {rF+}
rPois   +            t - +0 helmet
rElec   +            n - scarf {+Inv}
rCorr   .            (no gloves)
SInv    .            (no boots)
Will    +....        y - amulet of guardian spirit
Stlth   +            e - ring of poison resistance
HPRegen 0.37/turn    s - +4 ring of protection
MPRegen 0.17/turn

%: guardian spirit
@: no status effects
A: slimy green scales 2, foul stench 3, powered by death 1, demonic touch 2,
clever 1, strong-willed 1, passive freeze, robust 2, electricity resistance,
strong 1, MP-powered wands, noise suppression
a: Renounce Religion, Evoke Invisibility


You were on level 14 of the Dungeon.
You worshipped Xom.
You were Xom's teddy bear.
You visited 2 branches of the dungeon, and saw 13 of its levels.

You collected 823 gold pieces.
You spent 160 gold pieces at shops.

Inventory:

Hand Weapons
 a - a +2 hand axe of chaos (weapon)
 b - a +5 hand axe
 f - a +0 war axe
 R - a +0 battleaxe
Missiles
 p - 36 boomerangs (quivered)
 w - 28 poisoned darts
 D - 6 curare-tipped darts
 E - a silver javelin
 G - 2 throwing nets
Armour
 h - an orb of energy
 n - a scarf of invisibility (worn)
 r - a +0 hat
 t - a +0 helmet (worn)
 x - a +0 plate armour
 I - a +0 pair of gloves
 M - a scarf of shadows
 T - a +3 scale mail of fire resistance (worn)
Magical Staves
 d - a staff of air
 m - a staff of cold
 C - a staff of earth
 U - a staff of alchemy
Jewellery
 e - a ring of poison resistance (left hand)
 i - a +5 ring of evasion
 s - a +4 ring of protection (right hand)
 v - a ring of magical power
 y - an amulet of guardian spirit (around neck)
 N - a ring of positive energy
 P - a ring of ice
 S - an amulet of the acrobat
Wands
 k - a wand of polymorph (10)
 l - a wand of iceblast (1)
 K - a wand of charming (16)
 Q - a wand of flame (52)
 X - a wand of mindburst (7)
Scrolls
 c - a scroll of fog
 j - 4 scrolls of identify
 q - 3 scrolls of vulnerability
 z - 7 scrolls of teleportation
 A - 2 scrolls of torment
 B - 3 scrolls of revelation
 F - 2 scrolls of noise
 L - 2 scrolls of amnesia
Potions
 g - 7 potions of brilliance
 o - 6 potions of curing
 H - 2 potions of mutation
 O - 2 potions of cancellation
 V - 2 potions of enlightenment


   Skills:
 * Level 6.9 Fighting
 * Level 6.2(6.8) Axes
 + Level 3.8(5.6) Polearms
 + Level 3.8 Throwing
 * Level 6.0 Armour
 * Level 5.7 Dodging
 + Level 4.3 Stealth
 * Level 5.5 Unarmed Combat
 * Level 5.4 Spellcasting
 + Level 3.9 Hexes
 * Level 4.8 Necromancy
 + Level 3.1 Ice Magic
 + Level 3.0 Air Magic
 + Level 3.0 Earth Magic
 + Level 3.1 Alchemy
 + Level 3.6 Evocations


You had 6 spell levels left.
You knew the following spells:

 Your Spells              Type           Power      Damage    Failure   Level
a - Ensorcelled Hibernat  Hex/Ice        28%        N/A       17%         2
b - Freeze                Ice            52%        1d6       13%         1
c - Swiftness             Air            13%        N/A       36%         3
d - Fugue of the Fallen   Necr           18%        N/A       19%         3
e - Ozocubu's Armour      Ice            13%        N/A       36%         3
f - Passwall              Erth           13%        N/A       36%         3

Your spell library contained the following spells:

 Spells                   Type           Power      Damage    Failure   Level
 Shock                    Conj/Air       32%        1d5       26%         1
 Tukima's Dance           Hex            15%        N/A       28%         3
 Blink                    Tloc           8%         N/A       56%         2
 Lesser Beckoning         Tloc           8%         N/A       56%         2
 Momentum Strike          Conj/Tloc      8%         3d8       56%         2
 Airstrike                Air            6%         2d(1-17)  78%         4
 Dimensional Bullseye     Hex/Tloc       5%         N/A       90%         4
 Vhi's Electric Charge    Tloc/Air       16%        N/A       94%         4
 Flame Wave               Conj/Fire      4%         2d5       99%         4
 Iskenderun's Mystic Bla  Conj/Tloc      4%         2d3       99%         4
 Manifold Assault         Tloc           4%         N/A       99%         4
 Summon Blazeheart Golem  Fire/Summ      4%         N/A       99%         4
 Arcjolt                  Conj/Air       4%         1d14      100%        5
 Dispersal                Tloc           2%         N/A       100%        6
 Disjunction              Tloc           2%         N/A       100%        8
 Maxwell's Capacitive Co  Air            6%         ∞         100%        8


Dungeon Overview and Level Annotations

Branches:
Dungeon (11/15)            Temple (1/1) D:5            Lair (0/5) D:10
    Orc (0/2) D:9

Altars:
Ashenzari
Cheibriados
Dithmenos
Fedhas
Gozag
Hepliaklqana
Kikubaaqudgha
Makhleb
Nemelex Xobeh
Okawaru
Qazlal
Ru
Sif Muna
Trog
Uskayaw
Vehumet
Wu Jian
Xom
Yredelemnul

Shops:
D:1 !   D:5 ?   D:11 [

Portals:
Abyss: D:10


Innate Abilities, Weirdness & Mutations

You are mostly covered in slimy green scales. (AC +3)
You frequently emit foul miasma when damaged in melee.
You regenerate a little health from kills.
Your touch may inflict irresistible damage on your foes.
Your mind is acute. (Int +4, Str/Dex -1)
You are strong-willed. (Will+)
A frigid envelope surrounds you and freezes all who hurt you.
You are very robust. (+20% HP)
You are resistant to electric shocks. (rElec)
Your muscles are strong. (Str +4, Int/Dex -1)
You expend magic power (3 MP) to strengthen your wands.
You passively dampen the noise of your surroundings.


Message History

Aim: an electric eel (moderately wounded, 57% to hit)
You feel a slight surge of power.
The puff of flame hits the electric eel.
The electric eel is severely wounded.
The electric eel is engulfed in a cloud of scalding steam.
You start resting.
A yaktaur comes into view.
Items here: ) [ ††.
You see here a +0 glaive.
The yaktaur shouts!
The yaktaur wields a +0 arbalest.
The yaktaur shoots a bolt.
The bolt misses you.
Items here: ) [ ††.
The electric eel shoots out a bolt of lightning at you!
The bolt of electricity misses you.
The yaktaur shoots a bolt.
The bolt hits you.
You see here a +0 glaive.
Aiming: Throw Flame
Press: ? - help, Shift-Dir - straight line, f/p - electric eel
Aim: an electric eel (severely wounded, 57% to hit)
You feel a surge of power!
The puff of flame hits the electric eel!
You kill the electric eel!
You hear a splash.
The yaktaur shoots a bolt.
The bolt hits you!
Aiming: Throw Flame
Press: ? - help, Shift-Dir - straight line, f - yaktaur
Aim: a yaktaur, wielding a +0 arbalest (94% to hit)
The puff of flame hits the yaktaur.
The yaktaur is lightly wounded.
The yaktaur shoots a bolt.
The bolt hits you!
* * * LOW HITPOINT WARNING * * *
The yaktaur shoots a bolt.
The bolt hits you!
* * * LOW HITPOINT WARNING * * *
Items here: ) [ ††.
The yaktaur shoots a bolt.
The bolt hits you!
* * * LOW HITPOINT WARNING * * *
The yaktaur shoots a bolt.
The bolt hits you!!
You die...
Xom cackles wildly!

#........#.######
+........#....... .
#............##[. ..
#............# ..
...##.........# ###.
...# #........^# ~
........ #.........#
~
......######......###
~
.......@.[)).........
....#.######..c...#..
. #.........†~~....
.#.#.#.#~~~~~#.. ..
#.~~S~~~~# #.
#~~~~~~~~~# #
~~~~~~~~~~.
##~~W~~~~~~.
~~~~~~~~~#.


You could see a yaktaur.

Vanquished Creatures
  A catoblepas (D:9)
  The ghost of DeathSocks the Covert, a journeyman VSFi of Beogh (D:10)
  A skeletal warrior (D:14)
  A glowing orange brain (D:10)
  A mana viper (D:14)
  A lindwurm (shapeshifter) (D:10)
  A phantasmal warrior (D:14)
  A deep elf pyromancer (D:9)
  A manticore (D:9)
  A toenail golem (D:10)
  Maurice (D:11)
  A gargoyle (D:10)
  3 unseen horrors
  A yaktaur (D:14)
  A freezing wraith (D:14)
  A troll (D:9)
  A hornet (D:10)
  2 shadows
  2 wyverns
  8 yaks
  3 vampires
  2 wraiths (D:9)
  4 vampire mosquitoes (D:14)
  2 steam dragons
  A water moccasin (D:9)
  A sky beast (D:7)
  10 orc warriors
  2 black bears (D:5)
  A sky beast (shapeshifter) (D:14)
  6 centaurs
  2 kobold brigands
  2 gnoll sergeants
  8 bullfrogs
  A scorpion (D:5)
  9 wights
  2 killer bees (D:9)
  An electric eel (D:14)
  A bombardier beetle (D:6)
  4 howler monkeys
  A hound (D:6)
  3 orc priests
  4 jellies
  3 sleepcaps
  4 iguanas
  Terence (D:3)
  8 orc wizards
  17 gnolls
  6 adders
  A shadow imp (D:8)
  A white imp (D:6)
  4 ufetubi (D:7)
  A dart slug (D:3)
  2 ribbon worms
  37 orcs
  6 bats
  6 endoplasms
  3 giant cockroaches
  10 goblins
  4 hobgoblins
  24 kobolds
  2 quokkas
  7 ball pythons
  5 frilled lizards
  5 rats
258 creatures vanquished.

Vanquished Creatures (collateral kills)
  A death knight (D:14)
  A deep elf pyromancer (D:9)
  A freezing wraith (D:14)
  An ancient zyme (D:10)
  A neqoxec (D:10)
  A gnoll (D:6)
6 creatures vanquished.

Vanquished Creatures (others)
  A dancing weapon (D:14)
1 creature vanquished.

Grand Total: 265 creatures vanquished

Notes
Turn   | Place    | Note
-------+----------+-------------------------------------------
     0 | D:1      | ezpacito the Demonspawn Chaos Knight began the quest for
                  | the Orb.
     0 | D:1      | Reached XP level 1. HP: 18/18 MP: 1/1
    33 | D:1      | XOM: silly message
    44 | D:1      | XOM: silly message
    65 | D:1      | Reached skill level 1 in Dodging
   166 | D:1      | Gained mutation: Your touch may inflict minor irresistible
                  | damage on your foes. [demonic ancestry]
   166 | D:1      | Reached XP level 2. HP: 20/24 MP: 2/2
   236 | D:1      | Got the Grimoire of Spicy Cryomancy
   263 | D:1      | XOM: confuse monster(s)
   344 | D:1      | XOM: silly message
   443 | D:1      | Found Numery's Distillery.
   450 | D:1      | Bought a potion of degeneration for 12 gold pieces
   450 | D:1      | Bought a potion of curing for 36 gold pieces
   525 | D:1      | XOM: god gift: scarf of invisibility
   570 | D:1      | Gained mutation: You may rarely emit foul miasma when
                  | damaged in melee. [demonic ancestry]
   570 | D:1      | Reached XP level 3. HP: 29/29 MP: 3/3
   719 | D:1      | XOM: god gift: scroll labelled HOM NUSOF {god gift}
   963 | D:2      | Reached skill level 1 in Unarmed Combat
  1135 | D:2      | Gained mutation: You sometimes emit foul miasma when
                  | damaged in melee. [demonic ancestry]
  1135 | D:2      | Reached XP level 4. HP: 30/35 MP: 4/4
  1198 | D:2      | XOM: give mutations
  1198 | D:2      | Gained mutation: You are resistant to electric shocks.
                  | (rElec) [Xom's mischief]
  1198 | D:2      | Gained mutation: Your spells are a little easier to cast,
                  | but a little less powerful. [Xom's mischief]
  1198 | D:2      | Gained mutation: You are frail. (-10% HP) [Xom's mischief]
  1235 | D:2      | XOM: give mutations
  1235 | D:2      | Gained mutation: You are strong-willed. (Will+) [Xom's
                  | grace]
  1235 | D:2      | Gained mutation: Your mind is acute. (Int +4, Str/Dex -1)
                  | [Xom's grace]
  1375 | D:3      | Noticed Terence
  1383 | D:3      | Killed Terence
  1426 | D:3      | Reached skill level 1 in Spellcasting
  1464 | D:3      | Reached skill level 1 in Stealth
  1464 | D:3      | Gained mutation: You frequently emit foul miasma when
                  | damaged in melee. [demonic ancestry]
  1464 | D:3      | Reached XP level 5. HP: 26/36 MP: 6/6
  1489 | D:3      | XOM: divination: detect creatures
  2406 | D:4      | Noticed a black bear
  2407 | D:4      | a black bear changed into an iguana
  2407 | D:4      | XOM: polymorph black bear -> iguana
  2884 | D:4      | Learned a level 2 spell: Ensorcelled Hibernation
  2886 | D:4      | Learned a level 1 spell: Freeze
  2890 | D:4      | Learned a level 3 spell: Swiftness
  2926 | D:5      | XOM: stealth player
  2926 | D:5      | Entered Level 5 of the Dungeon
  3010 | D:5      | XOM: blink monster(s)
  3011 | D:5      | Gained mutation: Your touch may inflict irresistible damage
                  | on your foes. [demonic ancestry]
  3011 | D:5      | Reached XP level 6. HP: 43/43 MP: 6/8
  3057 | D:5      | Reached skill level 1 in Polearms
  3068 | D:5      | XOM: give mutations
  3068 | D:5      | Gained mutation: You expend magic power (3 MP) to
                  | strengthen your wands. [Xom's mischief]
  3068 | D:5      | Lost mutation: You are frail. (-10% HP) [Xom's mischief]
  3203 | D:5      | Reached skill level 1 in Throwing
  3203 | D:5      | Gained mutation: You regenerate a little health from kills.
                  | [demonic ancestry]
  3203 | D:5      | Reached XP level 7. HP: 52/54 MP: 7/10
  3344 | D:5      | XOM: god gift: staff of earth
  3360 | D:5      | Found a staircase to the Ecumenical Temple.
  3368 | Temple   | Entered the Ecumenical Temple
  3390 | D:5      | XOM: give mutations
  3390 | D:5      | Gained mutation: You are robust. (+10% HP) [Xom's grace]
  3390 | D:5      | Gained mutation: Your muscles are strong. (Str +4, Int/Dex
                  | -1) [Xom's grace]
  3390 | D:5      | Gained mutation: You are very robust. (+20% HP) [Xom's
                  | grace]
  3404 | D:5      | XOM: scenery: create altars
  3487 | D:5      | Found Zudu Vua's Magic Scroll Shop.
  3520 | D:5      | Bought 2 scrolls of identify for 56 gold pieces
  3520 | D:5      | Bought a scroll of noise for 14 gold pieces
  3520 | D:5      | Bought a scroll of teleportation for 42 gold pieces
  3586 | D:5      | XOM: cleaving
  3606 | D:5      | XOM: god gift: silver javelin
  3832 | D:5      | XOM: divination: detect items
  3844 | D:5      | XOM: cleaving
  3874 | D:5      | XOM: give mutations
  3874 | D:5      | Gained mutation: A frigid envelope surrounds you and
                  | freezes all who hurt you. [Xom's grace]
  3874 | D:5      | Gained mutation: You passively dampen the noise of your
                  | surroundings. [Xom's grace]
  3874 | D:5      | Lost mutation: Your spells are a little easier to cast, but
                  | a little less powerful. [Xom's grace]
  3957 | D:6      | XOM: fog
  3962 | D:6      | Reached skill level 1 in Evocations
  4105 | D:6      | XOM: divination: magic mapping
  4110 | D:6      | Reached skill level 1 in Hexes
  4112 | D:6      | XOM: enchant monster (good)
  4114 | D:6      | Gained mutation: You are partially covered in slimy green
                  | scales. (AC +2) [demonic ancestry]
  4114 | D:6      | Reached XP level 8. HP: 62/73 MP: 5/12
  4483 | D:6      | XOM: confuse monster(s)
  4886 | D:7      | Reached skill level 5 in Fighting
  5030 | D:7      | Reached XP level 9. HP: 64/81 MP: 12/14
  5115 | D:7      | Found a bloodstained altar of Trog.
  5124 | D:7      | Learned a level 3 spell: Fugue of the Fallen
  5128 | D:7      | Learned a level 3 spell: Ozocubu's Armour
  5132 | D:7      | Learned a level 3 spell: Passwall
  5134 | D:7      | Found a shadowy altar of Dithmenos.
  5408 | D:7      | XOM: noise
  5586 | D:8      | XOM: confuse monster(s)
  5677 | D:8      | XOM: chaos upgrade
  5785 | D:8      | Reached skill level 1 in Necromancy
  5920 | D:8      | XOM: silly message
  6150 | D:9      | XOM: noise
  6222 | D:9      | Reached skill level 1 in Ice Magic
  6222 | D:9      | Reached skill level 1 in Air Magic
  6222 | D:9      | Reached skill level 1 in Earth Magic
  6224 | D:9      | Noticed a troll
  6224 | D:9      | XOM: smoke on damage
  6234 | D:9      | Reached skill level 5 in Axes
  6234 | D:9      | Killed a troll
  6235 | D:9      | Reached skill level 1 in Alchemy
  6236 | D:9      | Gained mutation: You are mostly covered in slimy green
                  | scales. (AC +3) [demonic ancestry]
  6236 | D:9      | Reached XP level 10. HP: 45/88 MP: 3/16
  6242 | D:9      | Reached skill level 5 in Armour
  6242 | D:9      | Found a staircase to the Orcish Mines.
  6548 | D:9      | XOM: noise
  6564 | D:9      | XOM: smoke on damage
  6699 | D:9      | Noticed a deep elf pyromancer
  6702 | D:9      | XOM: summons friendly white imp
  6705 | D:9      | Killed a deep elf pyromancer
  6767 | D:9      | XOM: scenery: 2 doors open, 3 doors close
  6966 | D:9      | Noticed a deep elf pyromancer
  6968 | D:9      | XOM: summons 10 friendly demons
  6973 | D:9      | Killed a deep elf pyromancer
  7112 | D:9      | XOM: enchant monster (good)
  7545 | D:9      | XOM: smoke on damage
  7718 | D:9      | Noticed a catoblepas
  7723 | D:9      | Killed a catoblepas
  7724 | D:9      | Reached skill level 5 in Dodging
  7728 | D:9      | XOM: cloud trail
  7793 | D:9      | a yak changed into a manticore
  7793 | D:9      | Noticed a manticore
  7793 | D:9      | XOM: polymorph yak -> manticore
  7796 | D:9      | Killed a manticore
  7797 | D:9      | Reached XP level 11. HP: 73/97 MP: 12/18
  7952 | D:10     | Entered Level 10 of the Dungeon
  8054 | D:10     | Found a staircase to the Lair.
  8111 | D:10     | Found a transporter.
  8162 | D:10     | XOM: 1-stop teleportation journey
  8268 | D:10     | Found a one-way gate to the infinite horrors of the Abyss.
  8268 | D:10     | Noticed DeathSocks's ghost (journeyman VSFi)
  8294 | D:10     | Noticed a glowing orange brain
  8348 | D:10     | Found a transporter.
  8375 | D:10     | Reached skill level 5 in Unarmed Combat
  8518 | D:10     | XOM: summons 2 hostile shadow creatures
  9089 | D:10     | a troll changed into a lindwurm
  9089 | D:10     | Noticed a lindwurm (shapeshifter)
  9097 | D:10     | Killed a lindwurm
  9098 | D:10     | Reached skill level 5 in Spellcasting
  9098 | D:10     | XOM: summons 3 friendly demons
  9103 | D:10     | Killed DeathSocks's ghost
  9114 | D:10     | XOM: cast spell 'Monstrous Menagerie'
  9115 | D:10     | Killed a glowing orange brain
  9378 | D:11     | Found Gugaux's Specialty Armours.
  9401 | D:11     | XOM: 7-stop teleportation journey
  9408 | D:11     | Noticed Maurice
  9415 | D:11     | XOM: chaos upgrade
  9416 | D:11     | Maurice stole a +5 hand axe
  9417 | D:11     | Maurice stole a +5 ring of evasion
  9418 | D:11     | Killed Maurice
  9535 | D:11     | You fall into a shaft and drop 3 floors!
  9602 | D:14     | XOM: noise
  9617 | D:14     | Noticed a deep elf pyromancer
  9618 | D:14     | Noticed a death knight
  9618 | D:14     | Noticed a skeletal warrior
  9618 | D:14     | Noticed a phantasmal warrior
  9618 | D:14     | XOM: 1-stop teleportation journey
  9624 | D:14     | XOM: cast spell 'Summon Mana Viper'
  9637 | D:14     | Killed a skeletal warrior
  9646 | D:14     | Killed a death knight
  9647 | D:14     | Reached XP level 12. HP: 35/106 MP: 0/20
  9650 | D:14     | Noticed a catoblepas
  9655 | D:14     | a catoblepas changed into a mana viper
  9655 | D:14     | XOM: polymorph catoblepas -> mana viper
  9742 | D:14     | Shot with a bolt by a yaktaur

Illustrated notes

Levels and vault maps discovered:
D:1:      onia_arrival_mini_spirals, layout_loops_ring, serial_shops,
          nicolae_shop_industrial_runoff, chequers_big_river
D:2:      layout_rooms
D:3:      layout_basic, serial_bayou_pond_e, st_stairs_6, uniq_terence
D:4:      layout_basic, grunt_decor_clamped
D:5:      layout_loops_corners, minmay_temple_entry_mist, serial_shops,
          nicolae_shop_window_shopping
D:6:      layout_basic, kennysheep_cross_room, kennysheep_generic_room_10
D:7:      layout_loops_ring, gammafunk_temple_overflow_pools,
          minmay_statues_item
D:8:      layout_basic, elyvilon_altar_5
D:9:      layout_rooms, david_orc_3, serial_library,
          serial_library_regret_index_headful,
          serial_library_hellmonk_statue_hall,
          serial_library_hellmonk_angled_corner,
          serial_library_regret_index_split_case,
          serial_library_hellmonk_junction,
          serial_library_hellmonk_angled_corner,
          serial_library_hellmonk_angled_corner,
          serial_library_regret_index_small_wings,
          serial_library_regret_index_multi, evilmike_minifort
D:10:     layout_long_grid, lair_entry_dummy, gammafunk_ghost_abyssal_escape
D:11:     layout_roguey, gammafunk_ghost_spectres, chequers_serial_rivers_marsh,
          blue_anna_alchemist, nicolae_barding_shop, uniq_maurice
D:14:     layout_basic, david_vaults_2, amcnicky_mini_rare_corridor_liquid,
          corner_web_ring, nrook_pool_corridor
Temple:   hellmonk_temple_of_storms

Skill      XL: |  1  2  3  4  5  6  7  8  9 10 11 |
---------------+----------------------------------+-----
Dodging        | 1 2 3 4 5 |  5.7
Armour         | 2 3 4 5 6 |  6.0
Axes           | 3 4 5 6 |  6.2
Unarmed Combat | 1 2 3 4 5 |  5.5
Spellcasting   | 1 2 3 4 5 |  5.4
Stealth        | 1 2 3 4 |  4.3
Polearms       | 1 2 3 |  3.8
Fighting       | 4 5 6 |  6.9
Throwing       | 1 2 3 |  3.8
Evocations     | 1 2 3 |  3.6
Hexes          | 1 2 3 |  3.9
Necromancy     | 2 3 4 |  4.8
Ice Magic      | 1 2 3 |  3.1
Air Magic      | 1 2 3 |  3.0
Earth Magic    | 1 2 3 |  3.0
Alchemy        | 1 2 3 |  3.1

Action                     |  1- 3 |  4- 6 |  7- 9 | 10-12 || total
---------------------------+-------+-------+-------+-------++-------
  Melee: Hand axe          |    91 |   110 |   170 |   237 ||   608
         Touch             |    10 |    25 |    41 |    50 ||   126
  Evoke: Wand              |       |       |     1 |    27 ||    28
    Use: Scroll            |       |     4 |    12 |     8 ||    24
         Potion            |       |       |     2 |    11 ||    13
   Stab: Sleeping          |     1 |       |       |     1 ||     2
         Paralysed         |       |     1 |       |     1 ||     2
         Petrified         |       |     1 |       |       ||     1
         Confused          |       |       |     3 |     1 ||     4
         Held in net/web   |       |       |     2 |       ||     2
         Distracted        |       |       |       |     3 ||     3
 Armour: Leather armour    |    42 |     9 |       |       ||    51
         Ring mail         |       |    60 |   124 |       ||   184
         Scale mail        |       |     9 |    39 |   294 ||   342
         Skin              |       |       |       |    30 ||    30
  Dodge: Dodged            |    56 |    56 |   110 |   174 ||   396

Table legend: (Time is in decaauts)
 A = Elapsed time spent in this place.
 B = Non-inter-level travel time spent in this place.
 C = Inter-level travel time spent in this place.
 D = Time resting spent in this place.
 E = Time spent auto-exploring this place.
 F = Levels seen in this place.
 G = Mean time per level.
                   A        B        C        D        E       F      G
               +--------+--------+--------+--------+--------+-----+--------+
         Total |   9806 |   9366 |    440 |    269 |   7256 |  13 |  754.3 |
       Dungeon |   9801 |   9364 |    437 |    269 |   7256 |  12 |  816.8 |
        Temple |      4 |      2 |      2 |      0 |      0 |   1 |    4.0 |
               +--------+--------+--------+--------+--------+-----+--------+

Top non-repeatable levels by time:
     D:9: 1846 daAuts
    D:10: 1258 daAuts
     D:5: 1068 daAuts
     D:7: 838 daAuts
     D:4: 836 daAuts
     D:1: 816 daAuts
     D:3: 783 daAuts
     D:6: 706 daAuts
     D:8: 581 daAuts
     D:2: 526 daAuts
    D:11: 326 daAuts
    D:14: 211 daAuts
  Temple: 4 daAuts
